 Dungeon Crawl Stone Soup version 0.22-a0-223-g0f5d773 (webtiles) character file.

113 Amnesiac the Conjurer (level 4, 0/25 HPs)
             Began as a Deep Elf Conjurer on Feb 18, 2018.
             Killed by divine providence
             ... invoked by an orc priest
              (12 damage)
             ... on level 3 of the Dungeon.
             The game lasted 00:04:59 (1700 turns).

Amnesiac the Conjurer (Deep Elf Conjurer)           Turns: 1700, Time: 00:05:00

Health: 0/25       AC:  6    Str:  5    XL:     4   Next: 65%
Magic:  13/13      EV: 13    Int: 21    God:
Gold:   76         SH:  0    Dex: 15    Spells: 9/13 levels left

rFire    . . .     SeeInvis .   m - +0 spear (pierce)
rCold    . . .     Gourm    .   (no shield)
rNeg     . . .     Faith    .   a - +0 robe
rPois    .         Spirit   .   l - +0 helmet
rElec    .         Reflect  .   p - +0 cloak (curse)
rCorr    .         Harm     .   n - +1 pair of gloves
MR       .....                  (no boots)
Stlth    ++........             (no amulet)
HPRegen  0.08/turn              (no ring)
MPRegen  0.13/turn              (no ring)

@: no status effects
A: no striking features
a: no special abilities


You were on level 3 of the Dungeon.
You were not hungry.

You visited 1 branch of the dungeon, and saw 3 of its levels.

You collected 76 gold pieces.

Inventory:

Hand Weapons
 m - a +0 spear of piercing (weapon)
Missiles
 k - 19 poisoned needles
Armour
 a - a +0 robe (worn)
 l - a +0 helmet (worn)
 n - a +1 pair of gloves (worn)
 p - a cursed +0 cloak (worn)
Jewellery
 o - an uncursed ring of teleportation
 q - an uncursed amulet of harm {unknown}
Scrolls
 e - a scroll of enchant armour {!r}
Potions
 c - a potion of might {!q, unknown}
 d - 2 potions of curing {!q}
 g - 2 potions of resistance {!q, unknown}
 h - a potion of lignification {!q, unknown}
 i - 2 potions of flight {!q}
 j - a potion of heal wounds {!q, unknown}
Comestibles
 b - 6 rations
 f - a chunk of flesh


   Skills:
 - Level 1.1 Fighting
 - Level 2.4 Dodging
 - Level 2.4 Stealth
 - Level 5.0 Spellcasting
 + Level 5.4 Conjurations


You had 9 spell levels left.
You knew the following spells:

 Your Spells              Type           Power        Failure   Level  Hunger
a - Iskenderun's Mystic   Conj           ####....     12%         4    ####...


Dungeon Overview and Level Annotations

Branches:
Dungeon (3/15)

Altars:
Yredelemnul


Message History

No target in view!
No target in view!
The bat is too close now for your liking.
Attack whom?
Press: ? - help, Dir - move target cursor, f/p - bat
Aim: a bat (heavily wounded)
You reach to attack!
You hit the bat but do no damage.
The bat is heavily wounded.
The bat hits you but does no damage.
A bat is nearby!
You hit the bat.
You kill the bat!
No target in view!
Eating one of 2 chunks of flesh.
You eat one of the 2 chunks of flesh.
This raw flesh tastes terrible.
You now have 76 gold pieces (gained 4).
A rat comes into view.
A rat is nearby!
A rat is nearby!
You see here a potion of curing {!q}.
You hit the rat.
You kill the rat!
No target in view!
No target in view!
No target in view!
d - 2 potions of curing {!q} (gained 1)
You see here a rat corpse.
j - a metallic cyan potion {!q} No target in view!
k - 19 poisoned needles No target in view!
A frilled lizard comes into view.
A frilled lizard is nearby!
Attack whom?
Press: ? - help, Dir - move target cursor, f - frilled lizard
Aim: a frilled lizard (resting)
You reach to attack!
The helpless frilled lizard fails to defend itself.
You hit the frilled lizard.
You kill the frilled lizard!
No target in view!
No target in view!
An orc and an orc priest come into view.
The orc priest shouts!
The orc shouts!
An orc comes into view. It is wielding a club.
The orc shouts!
There are monsters nearby!
There are monsters nearby!
An orc comes into view.
The orc priest mumbles some strange prayers to Beogh against you.
Beogh smites you!
Ouch! That really hurt!
* * * LOW HITPOINT WARNING * * *
Unknown command.
Okay, then.
Unknown command.
Unknown command.
You hit the orc.
The orc is almost dead.
The orc closely misses you. The orc hits you but does no damage.
Unknown command.
The orc priest invokes the aid of Beogh against you.
Beogh smites you!
You die...

#............# #..#
###..........# #..#
##.......######..#
##.#............#
#.##o.##### #.##.o##
#o##...#
######.###.o#
...........o@#
#######.###........#
#.# #..####### #.#
#..# #.# #..# #.#
#..# #.# #.#. #. .#
#


You could see an orc priest and 3 orcs.

Vanquished Creatures
  Jessica (D:2)
  3 adders (D:2)
  A worm (D:2)
  3 dart slugs
  A leopard gecko (D:1)
  5 giant cockroaches
  6 goblins
  4 hobgoblins
  8 kobolds
  A ball python (D:1)
  6 bats
  6 frilled lizards
  5 rats
50 creatures vanquished.

Notes
Turn   | Place    | Note
-------+----------+-------------------------------------------
     0 | D:1      | Amnesiac the Deep Elf Conjurer began the quest for the Orb.
     0 | D:1      | Reached XP level 1. HP: 10/10 MP: 6/6
    83 | D:1      | Reached XP level 2. HP: 15/15 MP: 1/8
   273 | D:1      | Reached skill level 5 in Conjurations
   492 | D:1      | Reached XP level 3. HP: 19/19 MP: 3/10
   628 | D:2      | Noticed Jessica
   630 | D:2      | Killed Jessica
   692 | D:2      | Reached skill level 5 in Spellcasting
   736 | D:2      | Reached XP level 4. HP: 24/24 MP: 8/13
  1061 | D:2      | Learned a level 4 spell: Iskenderun's Mystic Blast
  1076 | D:2      | Reached skill level 1 in Fighting
  1498 | D:2      | Found a basalt altar of Yredelemnul.
  1700 | D:3      | Killed from afar by an orc priest

Vault maps used:
D:1:      dpeg_chamrin_arrival_tetris, hangedman_decor_peaks_small,
          minmay_small_reverse_x
D:2:      yredelemnul_altar_generic, uniq_jessica
D:3:      tso_metal_star, first_ration

Skill      XL: |  1  2  3  4 |
---------------+-------------+-----
Conjurations   | 5 |  5.4
Spellcasting   | 4 5 |  5.0
Fighting       | 1 |  1.1
Dodging        | |  2.4
Stealth        | |  2.4

Action                   |  1- 3 |  4- 6 || total
-------------------------+-------+-------++-------
Melee: Spear             |       |    26 ||    26
 Cast: Magic Dart        |    56 |    21 ||    77
       Iskenderun's Myst |       |     9 ||     9
  Use: Scroll            |       |    12 ||    12
 Stab: Sleeping          |       |     2 ||     2
  Eat: Chunk             |       |     4 ||     4
Armor: Robe              |     2 |     7 ||     9
Dodge: Dodged            |     2 |    23 ||    25

Table legend:
 A = Spawn XP
 B = Non-spawn XP
 C = Spawn XP percentage of total XP
 D = Spawn monster count
 E = Non-spawn monster count
 F = Spawn count percentage of total count
 G = Total turns spent on level
                    A         B        C        D         E        F      G
               +---------+---------+-------+---------+---------+-------+---------
         Total |       0 |     162 |   0.0 |       0 |      50 |   0.0 |  1700
               +---------+---------+-------+---------+---------+-------+---------
           D:1 |       0 |      44 |   0.0 |       0 |      24 |   0.0 |   628
           D:2 |       0 |     114 |   0.0 |       0 |      23 |   0.0 |   966
           D:3 |       0 |       4 |   0.0 |       0 |       3 |   0.0 |   106
               +---------+---------+-------+---------+---------+-------+---------
